Map: 大气2000-天梯版

Players

轻雪小师姐

  • Race: Terran Terran
  • League: Grandmaster

四川泽斯特 - Winner!

  • Race: Protoss Protoss

VOD

Have the link to the VOD?

Description

Time

  • Played on: Nov. 7, 2021, 1:35 a.m.
  • Length: 10:52
Show
View Real Time Build Order
Export as new Build Order

轻雪小师姐 Terran 

Build Orders: Reaper Expand 

Get SALT Encoding   

  12  0:02  SCV  
  13  0:14  SCV  
  14  0:18  Supply Depot  
  14  0:26  SCV  
  15  0:39  SCV  
  15  0:41  Barracks  
  16  0:45  Refinery  
  16  0:51  SCV  
  17  1:04  SCV  
  18  1:16  SCV  
  19  1:30  Reaper, Orbital Command  
  20  1:43  Command Center  
  20  1:53  Supply Depot  
  20  1:57  SCV  
  21  2:02  Marine  
  22  2:10  Factory  
  22  2:12  SCV  
  23  2:17  Refinery  
  23  2:21  Bunker  
  23  2:26  Barracks Reactor  
  23  2:28  SCV  
  24  2:40  SCV  
  24  2:54  Orbital Command  
  23  3:00  Hellion, Starport  
  23  3:02  SCV  
  23  3:05  Marine x2  
  28  3:15  SCV  
  29  3:25  Marine x2  
  30  3:27  Factory Tech Lab  
  30  3:28  SCV  
  30  3:29  SCV  
  32  3:38  Medivac  
  34  3:47  SCV  
  34  3:48  SCV  
  36  3:50  Marine x2  
  38  3:58  Command Center  
  36  4:07  SCV x2  
  36  4:15  Marine x2  
  38  4:17  Siege Tank  
  38  4:18  Starport Tech Lab  
  38  4:20  SCV x2  
  43  4:32  SCV x2  
  43  4:37  Barracks  
  45  4:39  Barracks  
  45  4:44  SCV  
  46  4:54  Supply Depot  
  46  4:56  Supply Depot  
  46  5:03  Supply Depot  
  46  5:09  Raven, Marine x2, SCV x2  
  46  5:11  Orbital Command  
  55  5:21  Siege Tank  
  55  5:24  Supply Depot  
  55  5:25  SCV x2  
  57  5:34  Refinery x2, Marine x2  
  59  5:37  Barracks Tech Lab  
  59  5:41  SCV x3  
  59  5:42  Barracks  
  62  5:43  Barracks  
  62  6:00  Marine x2  
  62  6:01  Marauder, Stimpack  
  62  6:04  SCV x2, Starport Reactor  
  66  6:05  SCV  
  66  6:09  Engineering Bay x2  
  69  6:15  Combat Shield  
  69  6:16  Marauder, SCV  
  69  6:17  SCV x2  
  74  6:18  Marine x2  
  74  6:19  Factory Reactor  
  76  6:28  Marauder, Supply Depot  
  76  6:30  SCV x3  
  81  6:33  Barracks Reactor  
  81  6:35  Terran Infantry Weapons Level 1  
  81  6:36  Marine x2, Terran Infantry Armor Level 1  
  83  6:41  Marauder  
  85  6:51  Marauder  
  87  7:00  Marine x2  
  89  7:01  Marauder  
  89  7:05  Widow Mine x2  
  89  7:06  Medivac x2  
  89  7:07  Marauder  
  89  7:08  Concussive Shells  
  101  7:09  Orbital Command  
  101  7:22  Supply Depot  
  101  7:23  Marine x2, Supply Depot  
  101  7:24  Marauder, SCV x2, Supply Depot  
  107  7:32  Marauder  
  107  7:33  Supply Depot  
  107  7:35  Missile Turret  
  109  7:37  Marine x2, Missile Turret  
  109  7:38  Marauder  
  113  7:44  SCV  
  113  7:45  SCV x2  
  113  7:46  Armory  
  114  7:55  Medivac x2  
  114  7:57  Marine x4  
  122  8:01  Marauder  
  122  8:03  Marauder  
  126  8:06  Marauder  
  126  8:09  SCV x2  
  126  8:10  SCV  
  131  8:22  Refinery x2, SCV x3  
  131  8:24  Marine x4  
  138  8:32  Viking x2  
  142  8:41  Starport  
  112  9:12  Marine x3  
  112  9:13  Marauder x3  
  112  9:14  SCV x3  
  123  9:33  Marine x2  
  123  9:34  Marine x2  
  123  9:35  Marauder x3  
  133  9:38  Viking  
  133  9:40  SCV x3  
  138  9:47  Supply Depot  
  135  10:04  SCV x2  
  122  10:12  Marine  
  122  10:13  Marine x2  
  122  10:14  Marauder x3  
  119  10:25  Marine  
  119  10:30  Marine x2  
  119  10:31  Marine  
Show
View Real Time Build Order
Export as new Build Order

四川泽斯特 Protoss - Winner!

Build Orders: 1 Gate Expand, Blink Stalkers, Colossus Rush 

Get SALT Encoding   

  12  0:00  Probe  
  13  0:12  Probe  
  14  0:17  Pylon  
  14  0:24  Probe (Chrono Boost)  
  15  0:37  Probe (Chrono Boost)  
  15  0:39  Gateway  
  16  0:44  Probe (Chrono Boost)  
  16  0:49  Assimilator  
  17  0:52  Probe  
  18  1:04  Probe  
  19  1:16  Probe  
  20  1:27  Cybernetics Core  
  20  1:36  Nexus  
  20  1:38  Probe  
  21  1:45  Pylon  
  21  1:50  Probe  
  21  1:53  Assimilator  
  22  2:00  Adept (Chrono Boost)  
  22  2:06  Shield Battery  
  24  2:09  Probe  
  24  2:12  Warp Gate  
  25  2:20  Adept (Chrono Boost)  
  25  2:23  Probe  
  27  2:37  Twilight Council  
  27  2:39  Probe  
  30  2:58  Probe (Chrono Boost)  
  30  2:59  Stalker, Probe (Chrono Boost)  
  32  3:09  Blink (Chrono Boost)  
  32  3:10  Probe (Chrono Boost)  
  32  3:12  Probe (Chrono Boost)  
  33  3:19  Probe  
  35  3:25  Probe  
  36  3:31  Probe, Robotics Facility  
  37  3:38  Probe  
  37  3:39  Gateway  
  38  3:43  Probe  
  39  3:48  Gateway  
  39  3:50  Probe  
  40  3:58  Probe  
  41  4:05  Probe  
  41  4:08  Stalker  
  40  4:10  Pylon  
  40  4:11  Probe  
  40  4:15  Assimilator  
  40  4:16  Pylon  
  42  4:17  Probe  
  42  4:18  Assimilator  
  42  4:19  Observer  
  43  4:26  Pylon, Probe  
  43  4:30  Probe  
  45  4:35  Stalker  
  45  4:36  Stalker  
  45  4:38  Probe  
  50  4:42  Observer  
  51  4:45  Stalker  
  51  4:47  Probe  
  51  4:50  Probe  
  55  4:59  Probe  
  56  5:01  Robotics Bay  
  56  5:02  Probe  
  56  5:03  Forge  
  56  5:05  Observer (Chrono Boost)  
  59  5:17  Nexus  
  59  5:20  Pylon  
  58  5:24  Warp Prism (Chrono Boost)  
  60  5:30  Probe x2  
  62  5:38  Protoss Ground Weapons Level 1 (Chrono Boost)  
  63  5:42  Probe  
  63  5:45  Probe  
  64  5:50  Colossus (Chrono Boost), Extended Thermal Lance  
  64  5:53  Charge  
  64  5:56  Pylon  
  70  6:00  Probe  
  70  6:01  Probe  
  72  6:12  Gateway, Probe  
  72  6:14  Gateway  
  72  6:16  Gateway  
  73  6:28  Photon Cannon  
  73  6:30  Probe  
  74  6:33  Colossus (Chrono Boost)  
  74  6:36  Sentry x2  
  74  6:37  Shield Battery  
  84  6:42  Photon Cannon  
  84  6:43  Probe x2  
  84  6:45  Probe  
  87  7:02  Probe x2  
  87  7:04  Zealot  
  87  7:05  Zealot x2  
  95  7:08  Dark Shrine  
  95  7:10  Pylon  
  95  7:11  Probe  
  95  7:12  Photon Cannon, Sentry x2  
  95  7:14  Probe  
  101  7:26  Pylon  
  101  7:27  Pylon  
  101  7:29  Pylon  
  101  7:33  Assimilator  
  101  7:34  Warp Prism (Chrono Boost)  
  101  7:38  Assimilator  
  101  7:40  Protoss Ground Armor Level 1 (Chrono Boost)  
  101  7:42  Gateway  
  103  7:44  Gateway  
  103  7:45  Probe x3  
  106  7:54  Zealot x4  
  106  7:55  Zealot  
  118  8:04  Templar Archives  
  118  8:08  Pylon, Probe  
  118  8:10  Pylon  
  117  8:22  Dark Templar x3  
  117  8:23  Dark Templar  
  117  8:24  Pylon  
  117  8:25  Dark Templar  
  127  8:27  Archon  
  127  8:28  Archon  
  127  8:29  Zealot  
  128  8:50  Dark Templar x2  
  128  8:51  Zealot  
  110  9:14  Zealot x3  
  110  9:15  Zealot x4  
  124  9:18  Nexus  
  124  9:19  Pylon  
  124  9:23  Psionic Storm  
  122  9:24  Probe  
  122  9:25  Immortal, Forge, Probe  
  128  9:35  Pylon, High Templar x2  
  132  9:39  Zealot x2  
  132  9:40  Archon, Zealot  
  132  9:45  Probe x3  
  141  9:58  Zealot x2  
  141  9:59  Zealot  
  147  10:04  Zealot  
  147  10:05  Zealot x2  
  149  10:13  Stalker x2  
  139  10:15  Immortal (Chrono Boost)  
  141  10:26  High Templar  
  141  10:27  High Templar x3  
  147  10:32  Archon x2  
  147  10:36  Shield Battery  
  141  10:42  Zealot x2  
  141  10:43  Zealot x2  
Tags
 
Add a new tag
Caveats
  • Supply blocks, unpowered buildings, or Contaminate may cause inaccurate times.
  • Supply counts are checked every 10 seconds.